 Dungeon Crawl Stone Soup version 0.14-a0-1168-gf5005bf (webtiles) character file.

10591 Jenx the Grappler (level 11, -28/96 HPs)
             Began as a Troll Monk on Nov 28, 2013.
             Was a High Priest of Okawaru.
             Annihilated by a skeletal warrior
             ... wielding a +0,+3 orcish great mace
              (31 damage)
             ... on Level 11 of the Dungeon on Nov 29, 2013.
             The game lasted 00:48:05 (9987 turns).

Jenx the Grappler (Troll Monk)                      Turns: 9987, Time: 00:48:05

HP -28/96        AC  8     Str 26      XL: 11   Next: 27%
MP  11/12        EV 20     Int  7      God: Okawaru [*****.]
Gold 787         SH  0     Dex 19      Spells:  1 memorised,  9 levels left

rFire  + . .     SeeInvis .       - Unarmed
rCold  . . .     Clarity  .     k - +2 robe {MR+}
rNeg   + . .     Conserve +     (shield restricted)
rPois  .         rCorr    .     V - +0 cap
rElec  .         rRot     .     m - +0 cloak
SustAb . .       Spirit   .     (gloves unavailable)
rMut   .         Warding  .     (boots unavailable)
Gourm  +         Stasis   .     x - amulet of conservation
                                K - ring "Cituw" {Wiz rN+}
                                t - ring of protection from fire

@: mighty, agile, heroism, quite resistant to hostile enchantments, very
stealthy
A: unfitting armour, claws 3, fast metabolism 3, gourmand, regeneration 2,
saprovore 2, shaggy fur 1, tough skin 2
a: Heroism, Finesse, Renounce Religion


You were on level 11 of the Dungeon.
You worshipped Okawaru.
Okawaru was extremely pleased with you.
You were very full.

You visited 2 branches of the dungeon, and saw 12 of its levels.
You also visited: Sewer.

You collected 787 gold pieces.

Inventory:

Hand weapons
 F - a +6,+0 giant spiked club
Missiles
 D - 2 large rocks (quivered)
Armour
 k - a +2 robe of magic resistance (worn)
 m - a +0 cloak (worn)
 L - a +1 robe
 V - a +0 cap (worn)
Magical devices
 B - a wand of slowing (8)
 Q - a wand of lightning (5)
Comestibles
 b - 6 meat rations
 h - 13 bread rations
 o - a banana
 r - 7 slices of pizza
 s - a royal jelly
 w - a choko
Scrolls
 d - 2 scrolls of teleportation {unknown}
 e - 7 scrolls of remove curse
 f - a scroll of amnesia {unknown}
 g - 3 scrolls of recharging {unknown}
 j - a scroll of identify
 l - a scroll of fog {unknown}
 p - 2 scrolls of enchant armour {unknown}
 y - 2 scrolls of noise {unknown}
 E - a scroll of fear {unknown}
 G - a scroll of blinking {unknown}
 I - 4 scrolls of immolation {unknown}
 J - 2 scrolls of summoning {unknown}
 M - a scroll of enchant weapon II {unknown}
 Y - 4 scrolls of curse armour {unknown}
Jewellery
 c - an uncursed ring of protection from cold
 t - a ring of protection from fire (left claw)
 u - an uncursed ring of ice
 x - an amulet of conservation (around neck)
 K - the ring "Cituw" (right claw) {Wiz rN+}
   (You found it on level 5 of the Dungeon)

   [ring of wizardry]

   It protects you from negative energy.
Potions
 a - a potion of curing
 i - a potion of resistance {unknown}
 n - 3 potions of restore abilities
 v - 2 potions of degeneration {unknown}
 A - a potion of cure mutation
 C - a potion of confusion {unknown}
 N - a potion of agility
Miscellaneous
 q - a lantern of shadows


   Skills:
 - Level 2.4(7.4) Fighting
 - Level 7.2(12.2) Throwing
 - Level 2.4(7.4) Dodging
 - Level 1.1(6.1) Stealth
 - Level 14.5(19.5) Unarmed Combat
 + Level 5.4 Invocations


You had 9 spell levels left.
You knew the following spells:

 Your Spells              Type           Power        Failure   Level  Hunger
a - Summon Butterflies    Summ           #.......     21%         1    ##.....


Dungeon Overview and Level Annotations

Branches:
Dungeon (11/16)            Temple (1/1) D:7
    Orc: D:9-12        Lair: D:8-11

Altars:
Ashenzari
Elyvilon
Fedhas
Kikubaaqudgha
Makhleb
Okawaru
Sif Muna
Xom
the Shining One

Portals:
Trove: D:10 (give +5 fire dragon armour)


Innate Abilities, Weirdness & Mutations

You are too large for most types of armour.
You have claws for hands.
Your metabolism is lightning-fast.
You like to eat raw meat.
You heal very quickly.
You can eat rotten meat.
You are covered in fur (AC +1).
You have very tough skin (AC +2).


Message History

The skeletal warrior unwields an uncursed orcish mace.
The skeletal warrior drops an uncursed orcish mace.
The skeletal warrior picks up a glaive.
The skeletal warrior wields a glaive.
You mangle the skeletal warrior!!
The skeletal warrior is heavily damaged.
The skeletal warrior hits you but does no damage.
The skeletal warrior hits you from afar with a glaive!
* * * LOW HITPOINT WARNING * * *
You hit the skeletal warrior but do no damage.
The skeletal warrior is heavily damaged.
The skeletal warrior hits you with a short sword.
* * * LOW HITPOINT WARNING * * *
You claw the skeletal warrior!
The skeletal warrior is heavily damaged.
You closely miss the skeletal warrior.
The skeletal warrior is heavily damaged.
The skeletal warrior hits you with a short sword!
* * * LOW HITPOINT WARNING * * *
The skeletal warrior hits you with an orcish great mace!
You die...

.........##.................##
..........#..##............##
............##.............#.
........###...............##.#
.........##...................#
.....)......##................#
........?....................#
#.......##.....z............##
.......#.##...zz@......).....#
...............#.............#
...#..#........####..........#
......##......).###............
...#.##.........#.............
.##.#.......w...............#
...#.##..................
..####.................
......................


You could see 3 skeletal warriors.

Vanquished Creatures
  A centaur warrior (D:10)
  2 skeletal warriors (D:11)
  A hill giant (D:10)
  A cyclops (D:8)
  A two-headed ogre (D:10)
  A slime creature (D:10)
  A wraith (D:10)
  A wyvern (D:11)
  3 hippogriffs
  5 yaks (D:10)
  3 manticores
  Menkaure (D:4)
  2 dwarves (D:11)
  A deep dwarf (D:9)
  A black bear (D:9)
  5 orc warriors
  2 yellow wasps
  2 ice beasts
  3 centaurs
  6 ogres
  Sigmund (D:6)
  Duvessa (D:4)
  6 giant frogs
  A big kobold (D:11)
  A gnoll sergeant (D:8)
  4 killer bees (D:10)
  An eye of draining (D:9)
  11 wights
  A hippogriff zombie (D:10)
  3 crimson imps
  Dowan (D:4)
  2 goliath beetles
  A hound (D:4)
  A giant frog skeleton (D:10)
  A centaur skeleton (D:4)
  A jelly (Sewer)
  A giant frog zombie (D:10)
  4 orc priests
  A quasit (D:8)
  2 iguanas
  9 orc wizards
  3 scorpions
  9 worker ants
  An ogre zombie (D:10)
  A hound zombie (D:7)
  The ghost of 4tharraofdagon the Firebug, a weakling DEFE (D:4)
  10 adders
  4 gnolls (D:8)
  A giant centipede (D:11)
  17 giant mites
  A green rat (D:4)
  6 worms
  A scorpion zombie (D:6)
  2 adder skeletons
  3 giant eyeballs
  17 giant geckos
  39 orcs
  6 ball pythons (Sewer)
  35 bats
  13 giant cockroaches
  12 goblins
  20 hobgoblins
  4 oozes
  6 quokkas
  15 giant newts
  6 jackals
  18 kobolds
  A kobold skeleton (D:5)
  An orc zombie (D:7)
  11 rats
  4 ballistomycetes (D:7)
365 creatures vanquished.

Vanquished Creatures (others)
  A giant spore (D:7)
1 creature vanquished.

Grand Total: 366 creatures vanquished

Notes
Turn   | Place    | Note
--------------------------------------------------------------
     0 | D:1      | Jenx, the Troll Monk, began the quest for the Orb.
     0 | D:1      | Reached XP level 1. HP: 20/20 MP: 0/0
   129 | D:1      | Reached XP level 2. HP: 28/28 MP: 0/0
   493 | D:1      | Reached skill level 5 in Unarmed Combat
   493 | D:1      | Reached XP level 3. HP: 33/35 MP: 1/1
   944 | D:2      | Reached XP level 4. HP: 44/44 MP: 1/1
  1604 | D:3      | Reached skill level 6 in Unarmed Combat
  2298 | D:4      | Found a blossoming altar of Fedhas.
  2300 | D:4      | Found an ancient bone altar of Kikubaaqudgha.
  2349 | D:4      | Reached XP level 5. HP: 48/50 MP: 1/1
  2507 | D:4      | Reached skill level 7 in Unarmed Combat
  2520 | D:4      | Noticed Dowan
  2522 | D:4      | Noticed Duvessa
  2536 | D:4      | Killed Duvessa
  2536 | D:4      | Reached XP level 6. HP: 39/58 MP: 2/2
  2545 | D:4      | Killed Dowan
  2635 | D:4      | Noticed an ogre
  2642 | D:4      | Killed an ogre
  2642 | D:4      | Reached skill level 8 in Unarmed Combat
  2734 | D:4      | Noticed 4tharraofdagon's ghost (weakling DEFE)
  2741 | D:4      | Killed 4tharraofdagon's ghost
  2773 | D:4      | Found a glowing drain.
  2791 | Sewer    | Entered a sewer
  2988 | Sewer    | Reached XP level 7. HP: 66/66 MP: 2/2
  3215 | Sewer    | Reached skill level 9 in Unarmed Combat
  3769 | D:4      | Noticed Menkaure
  3779 | D:4      | Killed Menkaure
  3779 | D:4      | Reached skill level 10 in Unarmed Combat
  3779 | D:4      | Reached XP level 8. HP: 42/74 MP: 2/2
  4157 | D:4      | Noticed an ogre
  4161 | D:4      | Killed an ogre
  4285 | D:5      | Entered Level 5 of the Dungeon
  4449 | D:5      | Found a shimmering altar of Xom.
  4688 | D:5      | Got a glittering granite ring
  4696 | D:5      | Identified the ring "Cituw" {Wiz rN+} (You found it on level 5 of the Dungeon)
  4701 | D:5      | Learned a level 1 spell: Summon Butterflies
  4961 | D:6      | Paralysed by a giant eyeball for 3 turns
  5119 | D:6      | Reached skill level 11 in Unarmed Combat
  5673 | D:6      | Noticed Sigmund
  5681 | D:6      | Killed Sigmund
  5681 | D:6      | Reached skill level 12 in Unarmed Combat
  5746 | D:6      | Found a shattered altar of Ashenzari.
  5747 | D:6      | Found a white marble altar of Elyvilon.
  6003 | D:7      | Reached XP level 9. HP: 71/80 MP: 3/3
  6160 | D:7      | Found a staircase to the Ecumenical Temple.
  6175 | Temple   | Entered the Ecumenical Temple
  6185 | Temple   | Became a worshipper of Warmaster Okawaru
  6185 | Temple   | Acquired Okawaru's first power
  6903 | D:8      | Reached skill level 13 in Unarmed Combat
  7012 | D:8      | Noticed a cyclops
  7026 | D:8      | Killed a cyclops
  7500 | D:8      | Found a glowing golden altar of the Shining One.
  7894 | D:9      | Reached skill level 5 in Invocations
  7934 | D:9      | Reached skill level 1 in Throwing
  7969 | D:9      | Paralysed by a giant eyeball for 2 turns
  7976 | D:9      | Paralysed by a giant eyeball for 4 turns
  8226 | D:9      | Reached XP level 10. HP: 89/89 MP: 11/11
  8328 | D:9      | Found a deep blue altar of Sif Muna.
  8394 | D:10     | Entered Level 10 of the Dungeon
  8783 | D:10     | Reached skill level 5 in Throwing
  8948 | D:10     | Found a burning altar of Makhleb.
  8948 | D:10     | Found a blossoming altar of Fedhas.
  8948 | D:10     | Noticed a centaur warrior
  8960 | D:10     | Killed a centaur warrior
  8997 | D:10     | HP: 2/89 [yak (14)]
  9237 | D:10     | Acquired Okawaru's second power
  9239 | D:10     | Upgraded the game from 0.14-a0-1097-gc7db7fc to 0.14-a0-1168-gf5005bf
  9241 | D:10     | Noticed a hill giant
  9257 | D:10     | Killed a hill giant
  9426 | D:10     | Found a portal to a secret trove of treasure.
  9483 | D:10     | Reached XP level 11. HP: 96/96 MP: 12/12
  9677 | D:11     | Noticed a hill giant
  9746 | D:11     | Reached skill level 14 in Unarmed Combat
  9796 | D:11     | Found an iron altar of Okawaru.
  9832 | D:11     | Paralysed by a yellow wasp for 2 turns
  9871 | D:11     | Noticed a skeletal warrior
  9887 | D:11     | Noticed a skeletal warrior
  9891 | D:11     | Killed a skeletal warrior
  9902 | D:11     | Killed a skeletal warrior
  9902 | D:11     | Received a gift from Okawaru
  9960 | D:11     | Noticed a skeletal warrior
  9960 | D:11     | Noticed a skeletal warrior
  9961 | D:11     | Noticed a skeletal warrior
  9987 | D:11     | HP: 3/96 [skeletal warrior/short sword (21)]
  9987 | D:11     | Annihilated by a skeletal warrior

Action                   |  1- 3 |  4- 6 |  7- 9 | 10-12 || total
-------------------------+-------+-------+-------+-------++-------
Melee: Unarmed           |   108 |   195 |   462 |   214 ||   979
Throw: Tomahawk          |       |     3 |    10 |       ||    13
       Large rock        |       |       |    25 |    38 ||    63
Invok: Heroism           |       |       |       |     3 ||     3
Evoke: Wand              |       |     1 |     1 |     1 ||     3
  Use: Scroll            |       |     2 |    10 |    11 ||    23
       Potion            |       |     3 |     3 |     5 ||    11
 Stab: Sleeping          |     1 |     1 |     2 |       ||     4
